[Event "67th Mexican-ch Open 2022"]
[Site "Chihuahua"]
[Date "2022.04.13"]
[Round "1.1"]
[White "Cruz Gomez, Miguel Angel"]
[Black "Cori, Jorge"]
[Result "0-1"]
[ECO "B07"]
[WhiteElo "2028"]
[BlackElo "2650"]
[Annotator "TA"]
[PlyCount "76"]
[EventDate "2022.04.12"]
[EventType "swiss"]
[EventCountry "MEX"]
[SourceTitle "playchess.com"]
[Source "ChessBase"]
[SourceQuality "1"]
[TimeControl "5400+30"]

1. d4 {[%emt 0:10:02] Alvarez,Roberto Gabriel} Nf6 2. Bf4 g6 3. Nc3 Bg7 4. e4 d6 5. Qd2 O-O 6. O-O-O Nc6 7. Bh6 e5 8. Bxg7 Kxg7 9. Nge2 {[%emt 0:03:24] B07: Pirc Defence: Miscellaneous Systems.} Ng4 10. Qe1 {[%emt 0:00:52] [#]} exd4 $146 ({Predecessor:} 10... Qf6 11. dxe5 Qxf2 12. exd6 Qxe1 13. Rxe1 cxd6 14. h3 Nf6 15. g4 Be6 16. Nf4 h6 {1-0 (51) Ederer,K (2196)-Keevil,P (2154) LSS email 2011 Telechess CBM 157 [Alvarez,Roberto Gabriel]}) 11. Nxd4 {[%emt 0:00:08] White is slightly better.} Nxd4 12. Rxd4 Qg5+ 13. Qd2 (13. Kb1 $14) 13... Qxd2+ $11 14. Rxd2 Be6 15. f3 Nf6 16. g3 a6 17. Bg2 b5 18. f4 {[%emt 0:01:12] [#] Hoping for e5.} Rae8 19. a3 h5 20. h3 Nd7 21. Bf3 f6 22. Rg2 Bf7 23. g4 hxg4 24. Bxg4 Nc5 25. Bf3 Rh8 26. h4 Rh6 27. h5 Ne6 28. Ne2 Kf8 29. f5 gxf5 ({Much weaker is} 29... Ng5 30. fxg6 Bxg6 31. Rxg5 fxg5 32. hxg6 Rxh1+ 33. Bxh1 $11) 30. exf5 Ng5 31. Bg4 {[%emt 0:00:06] Now White is beyond hope.} ({Better is} 31. Bb7 $15) 31... Bd5 $19 32. Rgg1 Bxh1 33. Rxh1 Re4 {[%emt 0:00:11] Prevents Nf4.} 34. Rg1 Rh7 35. Kd2 Rhe7 36. Nc3 Rd4+ 37. Kc1 c5 38. Ne2 {[%emt 0:00:24] [#]} (38. b3 $142) 38... Rxg4 $1 {[%emt 0:00:07][%mdl 512] Weighted Error Value: White=0.41/Black=0.04 (flawless)} 0-1

[Event "67th Mexican-ch Open 2022"]
[Site "Chihuahua"]
[Date "2022.04.13"]
[Round "1.2"]
[White "Mareco, Sandro"]
[Black "Silva Hernandez, Jose Luis"]
[Result "1-0"]
[ECO "E95"]
[WhiteElo "2643"]
[BlackElo "2006"]
[Annotator "TA"]
[PlyCount "49"]
[EventDate "2022.04.12"]
[EventType "swiss"]
[EventCountry "MEX"]
[SourceTitle "playchess.com"]
[Source "ChessBase"]
[SourceQuality "1"]
[TimeControl "5400+30"]

1. Nf3 d6 2. d4 g6 3. e4 Bg7 4. c4 Nf6 5. Nc3 O-O 6. Be2 Na6 7. O-O e5 8. Re1 exd4 9. Nxd4 Re8 10. Bf1 Nc5 11. f3 c6 12. Be3 a5 13. b3 {[%emt 0:01:03] Prevents a4. E95: King's Indian: Classical: 7...Nbd7 8 Re1.} d5 (13... h5 $14) 14. cxd5 $16 cxd5 {[%emt 0:00:36] [#]} 15. Ndb5 $146 {[%emt 0:00:07][%csl LRc5,LRd5] White is clearly better.} ({Predecessor:} 15. exd5 Nxd5 16. Nxd5 Qxd5 17. Nb5 Qc6 18. Rc1 b6 19. Qd6 Qxd6 20. Nxd6 Rxe3 21. Rxe3 {0-1 (54) Kramer,H-Christoffel,M Zaandam/Wormerveer 1946}) 15... b6 (15... Na6 $16 {was necessary.}) 16. exd5 $18 Bb7 17. d6 Ne6 18. Rc1 Nd7 (18... Rc8 $142 19. Bc4 Rc6) 19. Nc7 Nxc7 20. dxc7 Qxc7 21. Nb5 Qd8 22. Nd6 Rxe3 23. Rxe3 {[%emt 0:00:17] [#] Threatens to win with Re8+.} Bh6 $2 (23... Qg5) 24. Re8+ Qxe8 25. Nxe8 {[%emt 1:23:26] Black got outplayed after the opening.  Weighted Error Value: White=0.01 (flawless) /Black=0.43} 1-0

[Event "67th Mexican-ch Open 2022"]
[Site "Chihuahua"]
[Date "2022.04.13"]
[Round "1.3"]
[White "Ramirez Esqueda, Edson Oswaldo"]
[Black "Hernandez Guerrero, Gilberto"]
[Result "0-1"]
[ECO "B57"]
[WhiteElo "1931"]
[BlackElo "2564"]
[Annotator "TA"]
[PlyCount "92"]
[EventDate "2022.04.12"]
[EventType "swiss"]
[EventCountry "MEX"]
[SourceTitle "playchess.com"]
[Source "ChessBase"]
[SourceQuality "1"]
[TimeControl "5400+30"]

1. e4 c5 2. Nf3 Nc6 3. d4 cxd4 4. Nxd4 Nf6 5. Nc3 d6 6. Bc4 Qb6 7. Nb3 e6 8. O-O Be7 9. Be3 Qc7 10. f4 O-O 11. Nb5 {[%emt 0:03:23] B57: Classical Sicilian: Sozin with 6...Qb6.} Qb8 12. Qf3 {[%emt 0:00:14] [#]} a6 $146 ({Predecessor:} 12... Nb4 13. Bd3 Bd7 14. N5d4 g6 15. Bd2 Nxd3 16. cxd3 Qd8 17. Ba5 b6 18. Bc3 a5 {0-1 (58) Van Riemsdijk,H (2335)-Ivanov,A (2420) Philadelphia 1988}) 13. N5d4 {[%emt 0:00:41] The position is equal.} Bd7 (13... Nxd4 {seems wilder.} 14. Nxd4 e5 15. Nf5 Bxf5 16. exf5 e4) 14. Bd3 a5 15. g4 a4 16. Nd2 (16. Nxc6 $1 $11 bxc6 17. Nd2) 16... Nxd4 $17 17. Bxd4 e5 18. fxe5 (18. g5 $17 exd4 19. gxf6 Bxf6 20. a3) 18... dxe5 $19 19. Bc3 Nxg4 {[%emt 0:01:11] Strongly threatening ...b5.} ({Stronger than} 19... Bxg4 20. Qg3 $15) 20. h3 {[%emt 0:04:35] [#]} b5 $1 21. a3 (21. hxg4 b4) 21... Qb6+ 22. Kh1 Qh6 23. Rg1 Bg5 24. Rg2 (24. Rxg4 Bxg4 25. Qxg4 Bxd2 26. Bxe5) 24... Ra6 {[%emt 0:02:17][%cal Ba8a6,Ba6g6,Bg6e6][%mdl 32] [#] Threatens to win with ...Rf6.} ({Worse is} 24... Ne3 25. Rxg5 Qxg5 26. Rg1 $11) 25. Rxg4 Bxg4 26. Qxg4 {[%emt 0:00:08] And now Nf3 would win.} Bxd2 27. Bxe5 Rg6 28. Qd7 (28. Qf3) 28... Re6 29. Bh2 Qxh3 {[%emt 0:01:16] ( -> ...Qf3+)} 30. Rf1 {[%emt 0:02:02] Prevents Qf3+.} Qh4 {[%emt 0:05:59] Hoping for ...Rh6.} 31. Qxb5 Rxe4 32. Qf5 Re1 33. Kg2 Rxf1 34. Bxf1 g6 35. Qe5 Bh6 36. Bg3 Qg4 37. Be2 Qc8 38. Bd3 Bg7 39. Qb5 Qg4 40. Kh2 h5 41. Be2 Qd4 {[%emt 0:01:14] ...h4 is the strong threat.} 42. c3 Qd2 {[%emt 0:01:01] aiming for ...Rd8.} 43. Kh3 Rd8 44. Bc4 Qd1 45. Be2 Qh1+ 46. Bh2 Bf8 {White did not feel at home in the position after the opening.  Weighted Error Value: White=0.75/Black=0.55} 0-1

[Event "67th Mexican-ch Open 2022"]
[Site "Chihuahua"]
[Date "2022.04.13"]
[Round "1.4"]
[White "Cordova, Emilio"]
[Black "Guerrero Cataldo, Juan Andres"]
[Result "1-0"]
[ECO "A15"]
[WhiteElo "2534"]
[BlackElo "1976"]
[Annotator "TA"]
[PlyCount "69"]
[EventDate "2022.04.12"]
[EventType "swiss"]
[EventCountry "MEX"]
[SourceTitle "playchess.com"]
[Source "ChessBase"]
[SourceQuality "1"]
[TimeControl "5400+30"]

1. Nf3 Nf6 2. e3 g6 3. b4 Bg7 4. Bb2 d6 5. c4 O-O 6. d4 a5 {[%emt 0:04:21] 6...c5 is a critical line.} 7. b5 Nbd7 8. Nc3 {[%emt 0:04:49] A15: English Opening: 1...Nf6.} e5 9. Be2 exd4 10. Nxd4 {[%emt 0:01:36] The position is equal.} Ne5 11. O-O {[%emt 0:00:19] [#]} Bg4 $146 ({Predecessor:} 11... Be6 12. Nxe6 fxe6 13. Qc2 Qe7 14. Na4 Ned7 15. e4 Ne8 16. Bxg7 Nxg7 17. Rad1 b6 {0-1 (33) Egartner,W (2145)-Fellhauer,C Germany 1998}) 12. Bxg4 Nexg4 13. Rc1 Ne5 14. Qe2 Ned7 15. Rfd1 Qe7 16. Ba3 Nc5 17. Qf3 Rfe8 18. Bxc5 dxc5 19. Nde2 b6 20. Nf4 Rac8 21. h3 Qe5 22. Rd3 g5 23. Nfd5 {[%emt 0:00:00] &Bianco is more active.} Ne4 (23... h6 $14) 24. Nxe4 Qxe4 25. Qxe4 Rxe4 26. g4 Re6 27. Kg2 Be5 28. h4 h6 29. Rh1 Kg7 30. hxg5 hxg5 31. Rh5 f6 (31... Bf6 $16 {was worth a try.} 32. Rd1 Rd8) 32. Rd1 $18 {[%emt 0:00:00] Hoping for Rdh1.} Rh8 {[%emt 0:01:00] [#]} (32... Rg8 {was necessary.} 33. Kf3 Kg6) 33. Nf4 $1 Rd6 34. Rxd6 Bxd6 35. Ne6+ {Weighted Error Value: White=0.02 (flawless) /Black=0.21 (precise)} 1-0

[Event "67th Mexican-ch Open 2022"]
[Site "Chihuahua"]
[Date "2022.04.13"]
[Round "1.5"]
[White "Flores Irurso, Paul Josue"]
[Black "Gonzalez Zamora, Juan Carlos"]
[Result "0-1"]
[ECO "B40"]
[WhiteElo "1912"]
[BlackElo "2544"]
[Annotator "TA"]
[PlyCount "108"]
[EventDate "2022.04.12"]
[EventType "swiss"]
[EventCountry "MEX"]
[SourceTitle "playchess.com"]
[Source "ChessBase"]
[SourceQuality "1"]
[TimeControl "5400+30"]

1. e4 c5 2. Nf3 e6 3. d4 cxd4 4. Nxd4 Qb6 5. Nc3 Bc5 6. Na4 Qa5+ 7. c3 Bxd4 8. Qxd4 Nf6 {[%emt 0:07:35] B40: Sicilian: 2...e6, Unusual lines.} 9. Be2 {[%emt 0:00:00] [#]} b6 $146 (9... Nc6 $5 10. Qc4 d6 $11) ({Predecessor:} 9... Nc6 10. Qc4 d5 11. exd5 exd5 12. Qb5 Qxb5 13. Bxb5 O-O 14. O-O a6 15. Bd3 h6 {0-1 (42) Meng,Y (1548)-Wittmann,R (1971) Playchess.com INT 2020}) 10. O-O Ba6 ({Better is} 10... Nc6 $11 11. Qc4 Bb7) 11. Bxa6 $14 Qxa6 12. f3 (12. Re1 $14) 12... Nc6 $11 13. Qd1 d5 $36 {[%emt 0:02:21][%mdl 2048] Black is pushing.} 14. Bg5 O-O-O 15. Qc2 Kb7 16. b3 Qb5 17. Bxf6 gxf6 18. exd5 Qxd5 19. Rad1 {[%emt 0:00:00] Inhibits Qd2.} Qe5 20. Nb2 f5 21. Nc4 Qc5+ 22. Qf2 Qxf2+ 23. Kxf2 Kc7 {[%emt 0:00:01] Against Nd6} 24. Rxd8 Rxd8 {[%emt 0:00:08][%mdl 4096] Endgame KRN-KRN} 25. Ke2 b5 26. Ne3 h5 27. Rd1 Rg8 28. g3 a5 29. Ng2 b4 30. c4 (30. cxb4 $11 Nxb4 31. Rd2) 30... a4 31. Nf4 axb3 32. axb3 Ra8 33. Nxh5 Ra2+ 34. Rd2 $1 Nd4+ 35. Kd3 Rxd2+ 36. Kxd2 Nxf3+ {[%emt 0:07:24] KN-KN} 37. Ke3 $2 (37. Kd3 $11) 37... Nxh2 $17 38. Kd4 {[%emt 0:01:09] [#]} Kc6 (38... Kb6 $1 $17 {Hoping for ...Ng4.} 39. Nf4 Nf3+ 40. Ke3 Ne5) 39. Nf4 $11 Nf1 40. Nd3 Nxg3 {[%emt 0:00:35] Strongly threatening ...Ne4.} 41. Nxb4+ Kd7 {[%emt 0:00:21] ...f4 is the strong threat.} 42. Nd3 f6 {[%emt 0:00:15][%cal Of5f4] [#] Threatens to win with ...f4!} 43. b4 f4 {[%emt 0:01:54] White must now prevent ...e5+.} 44. Nxf4 $2 {[%emt 0:02:00][%mdl 8192] This costs White the game.} (44. b5 $15) 44... e5+ $19 45. Ke3 Nf5+ 46. Kf3 exf4 47. Kxf4 {[%emt 0:00:02] KN-KPP} Nd6 {[%emt 0:01:45] Black mates.} 48. c5 Nb5 49. Kf5 Ke7 50. Ke4 Ke6 51. Kd3 Kd5 52. Ke3 f5 53. c6 Kxc6 54. Kf4 Nd6 {[%emt 0:00:04] Weighted Error Value: White=0.37/Black=0.14 (very precise)} 0-1

[Event "67th Mexican-ch Open 2022"]
[Site "Chihuahua"]
[Date "2022.04.13"]
[Round "1.6"]
[White "Obregon Rivero, Juan Carlos"]
[Black "Sierra Arballo, Jesus"]
[Result "1-0"]
[ECO "C84"]
[WhiteElo "2536"]
[BlackElo "1916"]
[Annotator "TA"]
[PlyCount "77"]
[EventDate "2022.04.12"]
[EventType "swiss"]
[EventCountry "MEX"]
[SourceTitle "playchess.com"]
[Source "ChessBase"]
[SourceQuality "1"]
[TimeControl "5400+30"]

1. e4 e5 2. Nf3 Nc6 3. Bb5 a6 4. Ba4 Nf6 5. O-O Be7 6. d3 b5 7. Bb3 d6 8. a4 Rb8 9. axb5 axb5 10. Nc3 O-O {[%emt 0:13:25] 10...Bg4 is more advanced technology.} 11. Nd5 {[%emt 0:01:22] C84: Closed Ruy Lopez: Unusual White 6th moves.} Bg4 12. c3 Qd7 13. h3 {[%emt 0:01:24] White is slightly better.} Bh5 {[%emt 0:05:46] [#]} 14. g4 $146 {[%emt 0:08:49] &Bianco is more active.} ({Predecessor:} 14. Ra6 Bd8 15. Be3 Kh8 16. Re1 Qe8 17. Kh2 Nxd5 18. Bxd5 Ne7 19. Ba7 Nxd5 20. Bxb8 {1-0 (46) Libiszewski,F (2505)-Bujisho,B (2391) Pau 2012}) 14... Bg6 15. Nh4 Nxd5 16. Nxg6 fxg6 17. Bxd5+ (17. Kg2 {is more complex.} Kh8 18. Bxd5 g5 19. Be3) 17... Kh8 18. f4 exf4 19. Bxf4 Bh4 {[%emt 0:05:40] Against Bg3} 20. Be3 Ne5 21. Qe2 g5 22. Rxf8+ Rxf8 23. Rf1 Rf6 24. Rxf6 $40 {[%emt 0:13:36][%mdl 128] White has some attack.} gxf6 25. Qf1 Kg7 26. d4 Ng6 27. Qf5 Qxf5 28. exf5 $11 {[%emt 0:00:42][%mdl 4096] Endgame KBB-KBN} Nf4 29. Bc6 Nxh3+ 30. Kg2 Nf4+ 31. Kf3 Nh3 (31... b4 $11 {keeps the balance.}) 32. Bxb5 ({White should try} 32. Bd2 $1 $16) 32... Be1 $1 $14 33. c4 Bh4 (33... Nf4 $14) 34. c5 ({Better is} 34. Bd2 $1) 34... Be1 $16 35. d5 {[%emt 0:05:10] c6 is the strong threat.} Bb4 $2 {[%emt 0:00:15][%mdl 8192] [#] Black cannot hold the game after this.} (35... Kf8 $14) 36. c6 $1 $18 {[%emt 0:00:15][%cal Oe3b6] White is clearly winning.} Nf4 37. Bc4 {[%emt 0:00:09][%cal Oe3b6] aiming for Bb6!} Ba5 {[%emt 0:01:02] Against Bb6} 38. b4 Bxb4 {[%emt 0:00:12] [#]} 39. Bb6 $1 {[%emt 0:02:15][%mdl 512] Weighted Error Value: White=0.13 (very precise) /Black=0.24 (precise)} 1-0

[Event "67th Mexican-ch Open 2022"]
[Site "Chihuahua"]
[Date "2022.04.13"]
[Round "1.7"]
[White "Flores Teillery, Alejandro Francisco "]
[Black "Salinas Herrera, Pablo"]
[Result "0-1"]
[ECO "D46"]
[WhiteElo "1879"]
[BlackElo "2517"]
[Annotator "TA"]
[PlyCount "72"]
[EventDate "2022.04.12"]
[EventType "swiss"]
[EventCountry "MEX"]
[SourceTitle "playchess.com"]
[Source "ChessBase"]
[SourceQuality "1"]
[TimeControl "5400+30"]

1. d4 d5 2. c4 e6 3. Nf3 Nf6 4. Nc3 c6 5. e3 Nbd7 6. Bd3 Bd6 7. Qc2 O-O 8. O-O dxc4 9. Bxc4 a6 10. e4 e5 $1 11. Rd1 {[%emt 0:04:30] D46: Semi-Slav: 5 e3 Nbd7 6 Bd3, Black avoids the Meran.} exd4 12. Nxd4 Qc7 $1 13. h3 {[%emt 0:01:48] The position is equal.} b5 {[%emt 0:02:38] is the legacy move (13...Re8).} 14. Bf1 Re8 {[%emt 0:00:39] [#]} 15. Nf5 $146 ({Predecessor:} 15. g3 g6 16. a3 Rb8 17. Bg2 c5 18. Nc6 Qxc6 19. e5 Qc7 20. exd6 {½-½ (44) Vekelis,G (2353)-Martello,J (2343) ICCF email 2018}) 15... Be5 16. Be3 b4 17. Na4 {[%emt 0:00:23] Black must now prevent g3.} Nxe4 18. Rac1 ({Don't blunder} 18. Nh6+ $2 gxh6 19. Bd3 Ndf6 $1 $19) (18. Bd3 $5 Nef6 19. Rac1 $11) 18... Ndf6 $36 {[%emt 0:00:13][%mdl 2048] Black fights for an advantage.} 19. Nd4 Bh2+ 20. Kh1 Bf4 21. Bxf4 ({Don't go for} 21. Qxc6 $2 Qxc6 22. Nxc6 Bxe3 23. fxe3 Nf2+ 24. Kg1 Nxd1 $19) 21... Qxf4 22. f3 $2 (22. Kg1 $15) 22... Ng3+ $19 23. Kg1 Be6 $2 (23... Nxf1 $19 24. Kxf1 Nd5) 24. Nb6 (24. Nxe6 $11 {keeps the balance.} Rxe6 25. Nc5) 24... Rab8 $17 25. Nxe6 Rxe6 {[%emt 0:00:09] Dancing on a razor blade.} 26. Nd7 Nxd7 27. Rxd7 Qe3+ 28. Kh2 Qe5 {[%emt 0:02:20] &Nero is more active.} 29. Kg1 Nxf1 30. Kxf1 Rbe8 31. Rcd1 g6 {[%emt 0:03:55] Strongly threatening ...Qg3.} 32. Qd2 a5 33. Rd4 {[%emt 0:04:46] [#]} (33. b3 $17 {was worth a try.}) 33... Kg7 $1 $19 {[%emt 0:00:00] And now ...Qh2 would win.} 34. Qc2 $2 (34. Re4 Qb5+ 35. Qe2) 34... Qh2 {[%emt 0:00:00] Black is clearly winning.} 35. R4d2 h5 {[%emt 0:00:00][%cal Oe6e1] ( -> ...Re1+!)} 36. Qc5 {[%emt 0:00:50] [#]} Re1+ $1 {[%emt 0:00:00][%mdl 512] Weighted Error Value: White=0.69/Black=0.13 (very precise)} 0-1

[Event "67th Mexican-ch Open 2022"]
[Site "Chihuahua"]
[Date "2022.04.13"]
[Round "1.8"]
[White "Quesada Perez, Luis Ernesto"]
[Black "Robles Sanchez, Fausto"]
[Result "1-0"]
[ECO "E90"]
[WhiteElo "2517"]
[BlackElo "1878"]
[Annotator "TA"]
[PlyCount "81"]
[EventDate "2022.04.12"]
[EventType "swiss"]
[EventCountry "MEX"]
[SourceTitle "playchess.com"]
[Source "ChessBase"]
[SourceQuality "1"]
[TimeControl "5400+30"]

1. d4 Nf6 2. c4 g6 3. Nc3 Bg7 4. e4 d6 5. Nf3 c6 6. h3 a6 {[%emt 0:01:34] E90: King's Indian: Classical: Early deviations and 6 h3.} 7. Bg5 b5 8. a3 {[%emt 0:00:12] [#]} Nfd7 $146 {[%emt 0:02:34] White is slightly better.} ({Predecessor:} 8... O-O 9. Be2 h6 10. Bh4 Nh5 11. O-O g5 12. Bg3 Nxg3 13. fxg3 Qb6 14. Qd2 g4 15. hxg4 Bxg4 {½-½ (65) Slavin,A (2397)-Ghasi,A (2434) England 2013}) 9. Qd2 {[%emt 0:06:08] &Bianco is more active.} h6 10. Be3 Bb7 11. Rb1 Qc7 12. Be2 Nb6 (12... bxc4 $16 13. Bxc4 Nb6) 13. b3 $18 (13. cxb5 $6 axb5 14. d5 Nc4 $11) 13... N8d7 14. O-O Rd8 15. Rfc1 Qb8 16. Bd3 ({Resist} 16. cxb5 $6 cxb5 17. d5 Nc5) 16... g5 17. Ne2 ({Don't take} 17. cxb5 $6 cxb5 18. d5 e6 19. dxe6 fxe6 $16) 17... g4 $2 (17... bxc4 18. bxc4 c5) 18. hxg4 Nf6 19. Nh2 h5 (19... Nbd7 $142 20. cxb5 axb5) 20. g5 Ng4 21. Nxg4 hxg4 22. Ng3 Nd7 23. Nf5 Kf8 24. Bf4 e5 25. Bg3 c5 26. d5 Bc8 27. b4 cxb4 28. cxb5 Nc5 29. Rxb4 {[%emt 0:00:49] [#] And now bxa6 would win.} a5 30. Rbb1 Bxf5 31. exf5 f6 32. b6 Rh5 {[%emt 0:01:06] [#]} 33. Rxc5 $1 dxc5 34. Qxa5 Kf7 35. g6+ Ke7 36. b7 Rdh8 37. Qxc5+ Kd8 38. Qb6+ Ke7 39. d6+ Kf8 40. Kf1 Rh1+ 41. Ke2 {[%emt 0:00:02] Black did not feel at home in the position after the opening.  Weighted Error Value: White=0.15 (very precise) /Black=0.61} 1-0

[Event "67th Mexican-ch Open 2022"]
[Site "Chihuahua"]
[Date "2022.04.13"]
[Round "1.9"]
[White "Sauceda Castillo, Francisco"]
[Black "Cori Quispe, Kevin Joel"]
[Result "0-1"]
[ECO "A49"]
[WhiteElo "1842"]
[BlackElo "2492"]
[Annotator "TA"]
[PlyCount "52"]
[EventDate "2022.04.12"]
[EventType "swiss"]
[EventCountry "MEX"]
[SourceTitle "playchess.com"]
[Source "ChessBase"]
[SourceQuality "1"]
[TimeControl "5400+30"]

1. d4 Nf6 2. c3 g6 3. Nf3 Bg7 4. g3 O-O 5. Bg2 d6 6. O-O Nc6 {[%emt 0:00:07] A49: 1 d4 Nf6 2 Nf3 g6 3 g3: Anti-King's Indian systems.} 7. Re1 Bf5 8. Bg5 Ne4 {[%emt 0:02:40] [#] The position is equal.} 9. Nbd2 $146 (9. Be3 $14) ({Predecessor:} 9. Be3 d5 10. Nbd2 Nf6 11. Bg5 h6 12. Bxf6 Bxf6 13. e4 dxe4 14. Nxe4 Bg7 15. Nc5 {½-½ (40) Czibulka,Z (2215)-Percze,J (2234) Hungary 1999}) 9... Nxg5 $15 10. Nxg5 e5 11. Bxc6 bxc6 12. Ngf3 exd4 13. Nxd4 Bd7 $1 14. Rb1 a5 15. Qc2 Re8 16. e4 Qg5 17. Re2 Qh5 18. f3 {[%emt 0:04:44] [#]} (18. Qd3 $17 {was called for.}) 18... c5 $1 $19 19. N4b3 a4 20. Nc1 {[%emt 0:01:22] [#]} f5 ({Black should play} 20... c4 $1 $19 {...d5 is the strong threat.} 21. Re1 Bh6) 21. Rf2 $2 (21. Nd3 $17) 21... Bh6 {[%emt 0:01:47] And now ...Be3 would win.} 22. Qd3 Bc6 23. Qc4+ $2 (23. Ne2 {was the only chance.}) 23... Kh8 24. Nf1 {[%emt 0:05:36] Inhibits Be3.} (24. Qd3 fxe4 25. Nxe4) 24... fxe4 {[%emt 0:01:08] White must now prevent ...e3. Black is clearly winning.} 25. fxe4 Rxe4 26. Qf7 Rf8 {[%emt 0:00:30] Black took control after the opening.  Weighted Error Value: White=0.78/Black=0.16 (very precise)} 0-1

[Event "67th Mexican-ch Open 2022"]
[Site "Chihuahua"]
[Date "2022.04.13"]
[Round "1.10"]
[White "Ibarra Chami, Luis Fernando"]
[Black "Gonzalez Cruz, Ian Josue"]
[Result "1-0"]
[ECO "A29"]
[WhiteElo "2451"]
[BlackElo "1814"]
[Annotator "TA"]
[PlyCount "79"]
[EventDate "2022.04.12"]
[EventType "swiss"]
[EventCountry "MEX"]
[SourceTitle "playchess.com"]
[Source "ChessBase"]
[SourceQuality "1"]
[TimeControl "5400+30"]

1. c4 e5 2. Nc3 Nf6 3. Nf3 Nc6 4. g3 Bb4 5. Bg2 d6 6. Nd5 {[%emt 0:11:48] [#] A29: English Opening: Four Knights Variation with 4 g3.} e4 $146 ({Predecessor:} 6... Bc5 7. O-O O-O 8. e3 Nxd5 9. cxd5 Nb4 10. d4 exd4 11. exd4 Bb6 12. Qb3 c5 13. Bg5 f6 14. dxc5 dxc5 15. d6+ Kh8 16. Bf4 {1-0 (35) Akopian,V (2703)-Stupak,K (2520) St Petersburg 2012}) 7. Ng5 Nxd5 8. cxd5 {[%emt 0:00:20] White is slightly better.} Qxg5 9. dxc6 bxc6 10. a3 Ba5 11. Bxe4 Bd7 ({Weaker is} 11... d5 12. Qa4 $1 Qf6 13. Bxd5 $16 (13. Qxa5 dxe4 14. Qc3 Qxc3 $11)) 12. Qa4 O-O 13. Bxc6 Bxc6 14. Qxc6 Rae8 15. Qf3 (15. e3 $16) 15... Qe5 $14 16. e3 Qb5 (16... Rb8 $1 $11) 17. b4 $16 Bb6 {[%emt 0:00:08] Strongly threatening ...Bd4.} 18. Bb2 {[%emt 0:00:27] Inhibits Bd4.} d5 {[%emt 0:01:14] [#]} (18... a5 $16 {was called for.}) 19. Qe2 (19. Qg4 $1 $18 d4 20. Bxd4 Bxd4 21. Qxd4) 19... Qd7 20. O-O Qf5 (20... a5 $16 21. Rfc1 axb4) 21. a4 $18 {[%emt 0:02:32] aiming for a5.} c6 22. a5 Bd8 23. Bd4 Bf6 24. Bxf6 ({Don't do} 24. Bxa7 Bxa1 25. Rxa1 Ra8) 24... Qxf6 25. Rab1 Re7 26. Rfc1 Rc8 (26... Re6 {was worth a try.} 27. b5 cxb5) 27. Qa6 Qf5 28. b5 h5 29. Rb4 (29. bxc6 $142 {Threatens to win with Rb7.} Rec7 30. Rb7) 29... Rec7 (29... c5 {is more resistant.} 30. Rh4 g6) 30. b6 axb6 31. axb6 Re7 32. b7 Rb8 33. Qxc6 {[%emt 0:00:17] Black must now prevent Qc8+.} Ree8 {[%emt 0:01:24] Against Qc8} (33... Kh7 34. Rcb1 Qe5) 34. Rf4 Qd3 35. Qd7 Rf8 36. Rc8 {[%emt 0:01:48] White threatens Qxf7+ and mate.} Qb1+ 37. Kg2 {[%emt 0:00:05] White wants to mate with Qxf7+.} Qxb7 38. Rxf8+ {[%emt 0:00:08] White mates.} Kxf8 39. Rxf7+ Kg8 40. Qxb7 {[%emt 0:14:53] Weighted Error Value: White=0.20 (precise) /Black=0.76} 1-0